 Dungeon Crawl Stone Soup version 0.28-a0-998-gb9e9c7b67e (webtiles) character file.

Game seed: 11560399958875863405

21072 avis the Black Belt (level 12, 0/72 HPs)
             Began as a Vine Stalker Transmuter on Dec 4, 2021.
             Was an Elder of Vehumet.
             Succumbed to a cane toad's poison
             ... on level 5 of the Lair of Beasts on Dec 5, 2021.
             The game lasted 01:35:04 (14002 turns).

avis the Black Belt (Vine Stalker Transmuter)      Turns: 14002, Time: 01:35:04

Health: 0/72       AC: 13    Str: 13    XL:     12   Next: 86%
Magic:  3/23       EV: 13    Int: 17    God:    Vehumet [****..]
Gold:   863        SH:  0    Dex: 22    Spells: 3/25 levels left

rFire   x . .      SeeInvis .     - Unarmed
rCold   + + +      Faith    .   (shield currently unavailable)
rNeg    . . .      Spirit   +   (armour currently unavailable)
rPois   +          Reflect  .   (helmet currently unavailable)
rElec   .          Harm     .   (cloak currently unavailable)
rCorr   .          Rampage  .   (gloves currently unavailable)
Will    +....                   (boots currently unavailable)
Stlth   +++.......              G - amulet of magic regeneration
HPRegen 1.02/turn               j - +4 ring of protection
MPRegen 0.58/turn               S - +6 ring of dexterity

@: lethally poisoned (0 -> -4), ice-form
A: freezing attack, amphibious, boosted hp, large, (fangs 3), regeneration 1,
magic shield, (antimagic bite), no potion heal 2
a: End Transformation, Renounce Religion


You were on level 5 of the Lair of Beasts.
You worshipped Vehumet.
Vehumet was greatly pleased with you.
You were a creature of crystalline ice.
You visited 3 branches of the dungeon, and saw 15 of its levels.

You collected 863 gold pieces.

Inventory:

Missiles
 d - 2 throwing nets
 i - 48 poisoned darts
 n - 2 javelins
 t - 7 curare-tipped darts
Armour
 u - a scarf of repulsion (melded)
 x - a +2 pair of gloves of hurling (melded)
 O - a +3 leather armour (melded)
Magical Staves
 b - a staff of cold (melded)
 w - a staff of air
Jewellery
 j - a +4 ring of protection (left front paw)
 G - an amulet of magic regeneration (around neck)
 P - a ring of protection from cold
 S - a +6 ring of dexterity (right front paw)
Wands
 s - a wand of acid (5)
 y - a wand of digging (13)
 D - a wand of flame (20)
Scrolls
 a - 5 scrolls of teleportation
 h - a scroll of enchant armour {unknown}
 p - 2 scrolls of noise {unknown}
 v - 4 scrolls of summoning
 A - a scroll of identify
 C - a scroll of brand weapon {unknown}
 E - 3 scrolls of blinking
 J - 2 scrolls of acquirement {unknown}
 K - 2 scrolls of immolation {unknown}
 N - 2 scrolls of fear {unknown}
 T - 2 scrolls of enchant weapon {unknown}
Potions
 f - a potion of cancellation
 g - 3 potions of curing
 k - 2 potions of flight
 m - a potion of lignification {unknown}
 o - 4 potions of resistance
 q - a potion of berserk rage
 z - a potion of magic
 B - 2 potions of brilliance
 L - 5 potions of ambrosia
 M - 5 potions of might
 U - 2 potions of haste
Miscellaneous
 r - a piece from Xom's chessboard (15/15)


   Skills:
 - Level 5.0 Fighting
 - Level 5.0 Dodging
 - Level 5.0 Stealth
 * Level 15.4 Unarmed Combat
 * Level 7.2 Spellcasting
 - Level 9.0 Transmutations
 + Level 2.1 Ice Magic
 - Level 2.0 Poison Magic


You had 3 spell levels left.
You knew the following spells:

 Your Spells              Type           Power      Damage    Failure   Level
a - Beastly Appendage     Tmut           72%        N/A       1%          1
c - Passwall              Tmut/Erth      17%        N/A       2%          2
p - Spider Form           Tmut/Pois      24%        N/A       3%          3
q - Ice Form              Ice/Tmut       25%        N/A       12%         4
M - Manifold Assault      Tloc           6%         N/A       97%         5
S - Storm Form            Tmut/Air       10%        N/A       100%        7

Your spell library contained the following spells:

 Spells                   Type           Power      Damage    Failure   Level
 Iskenderun's Mystic Bla  Conj/Tloc      6%         2d4       28%         4
 Wereblood                Tmut           36%        N/A       1%          2
 Sandblast                Erth           12%        2d6       3%          1
 Poisonous Vapours        Pois/Air       18%        N/A       3%          2
 Frozen Ramparts          Ice            26%        1d4       4%          3
 Stone Arrow              Conj/Erth      12%        3d7       10%         3
 Blink                    Tloc           12%        N/A       17%         2
 Corpse Rot               Necr/Air       12%        N/A       17%         2
 Call Canine Familiar     Summ           6%         N/A       34%         3
 Portal Projectile        Hex/Tloc       12%        N/A       34%         3
 Summon Ice Beast         Ice/Summ       9%         N/A       58%         4
 Fireball                 Conj/Fire      3%         3d4       58%         5
 Iskenderun's Battlesphe  Conj           6%         2d6       58%         5
 Leda's Liquefaction      Hex/Erth       3%         N/A       75%         4
 Summon Lightning Spire   Summ/Air       6%         N/A       75%         4
 Conjure Ball Lightning   Conj/Air       3%         3x3d6     98%         6
 Orb of Destruction       Conj           3%         9d1       100%        7
 Maxwell's Capacitive Co  Air            3%         ∞         100%        8


Dungeon Overview and Level Annotations

Branches:
Dungeon (9/15)             Temple (1/1) D:5            Lair (5/6) D:9
  Swamp (0/4) Lair:4        Snake (0/4) Lair:4          Orc (0/2) D:9
  Slime: Lair:5-6

Altars:
Ashenzari
Cheibriados
Dithmenos
Elyvilon
Fedhas
Gozag
Hepliaklqana
Kikubaaqudgha
Makhleb
Nemelex Xobeh
Okawaru
Qazlal
Ru
Sif Muna
Trog
Uskayaw
Vehumet
Wu Jian
Xom
Yredelemnul
Zin
The Shining One

Shops:
D:3 *


Innate Abilities, Weirdness & Mutations

You are a creature of crystalline ice.
You have a powerful freezing melee attack.
You are amphibious.
Your maximum health is increased.
Your armour is entirely melded.
You are incapable of wielding weapons or throwing items.
((You have razor-sharp teeth.))
Your natural rate of healing is unusually fast.
When hurt, damage is shared between your health and your magic reserves.
((Your bite disrupts and absorbs the magic of your enemies.))
Potions cannot restore your health.


Message History

You feel very sick. The cane toad stings you!
You are more poisoned.
The cane toad poisons you! The cane toad stings you.
Your Ice Magic skill increases to level 2!
You punch the cane toad! You freeze the cane toad.
The cane toad is moderately wounded.
You feel very sick. The cane toad misses you. The cane toad barely misses you.
You pummel the cane toad!! You freeze the cane toad!
You kill the cane toad!
Vehumet accepts your kill.
You feel your power returning.
You feel very sick. The cane toad closely misses you.
You punch the cane toad! You freeze the cane toad.
The cane toad is heavily wounded.
You feel very sick. The cane toad closely misses you.
You barely miss the cane toad.
The cane toad is moderately wounded.
You feel very sick.
You hit the cane toad but do no damage.
The cane toad is moderately wounded.
You feel very sick. The cane toad stings you!
* * * LOW HITPOINT WARNING * * *
You pummel the cane toad!! You freeze the cane toad.
The cane toad is almost dead.
You feel sick. The cane toad stings you.
* * * LOW HITPOINT WARNING * * *
You feel very sick. The cane toad stings you!
* * * LOW HITPOINT WARNING * * *
Okay, then.
You punch the cane toad!
The cane toad seems to slow down.
You freeze the cane toad.
You kill the cane toad!
Vehumet accepts your kill.
You die...

..........+.
............ .
.........$..## ..
..............#.#.
.....≈≈≈≈≈........
....≈≈≈≈≈≈≈.......
...≈≈≈≈≈≈≈≈†...PP.
..≈≈≈≈≈≈≈≈≈≈...#
..≈≈≈≈≈≈≈Y≈≈..#.P.
..≈≈≈≈≈..≈........
..≈≈≈≈.<.≈........
....≈.............
...≈............!.
..#...#..##.......
# ##...### #..###.
##.. ..# ..# ..


There were no monsters in sight!

Vanquished Creatures
  Fannar (Lair:3)
  2 hydras
  A lindwurm (Lair:1)
  Pikel (D:6)
  A deep elf pyromancer (D:6)
  Maurice (D:8)
  4 black mambas
  Maggie (D:6)
  A rime drake (Lair:4)
  6 cane toads
  Psyche (D:9)
  3 komodo dragons
  4 polar bears
  A queen bee (D:9)
  A tyrant leech (Lair:4)
  A hornet (Lair:4)
  Prince Ribbit (D:8)
  Grinder (D:5)
  7 blink frogs
  2 wyverns (Lair:3)
  4 basilisks
  16 yaks
  Menkaure (D:4)
  Edmund (D:5)
  8 water moccasins
  4 orc warriors
  An ice beast (D:7)
  6 black bears
  A hornet zombie (D:9)
  A sky beast (D:6)
  2 necrophages (D:4)
  3 ogres
  14 wolves
  4 centaurs (Lair:4)
  A phantom (D:6)
  2 lemures (D:5)
  9 bullfrogs
  A gnoll sergeant (D:8)
  2 kobold brigands
  A water moccasin skeleton (D:5)
  23 killer bees (D:9)
  A wight (D:7)
  An electric eel (D:9)
  A centaur zombie (D:6)
  A bullfrog skeleton (D:4)
  2 centaur skeletons (D:4)
  2 hounds
  5 jellies
  4 orc priests
  Ijyb (D:5)
  3 iguanas
  9 orc wizards
  A killer bee zombie (D:8)
  A hound skeleton (D:4)
  A howler monkey zombie (D:7)
  A howler monkey skeleton (D:7)
  9 gnolls
  5 adders
  2 shadow imps
  A white imp (D:6)
  An ufetubus (D:5)
  An adder skeleton (D:5)
  2 worms
  6 dart slugs
  31 orcs
  12 endoplasms
  2 giant cockroaches (D:1)
  11 goblins
  5 hobgoblins
  4 jackals (D:2)
  17 kobolds
  5 quokkas
  6 ball pythons
  4 bats
  4 frilled lizards
  6 rats
  A butterfly (D:4)
315 creatures vanquished.

Vanquished Creatures (others)
  21 fungi
  12 plants
33 creatures vanquished.

Grand Total: 348 creatures vanquished

Notes
Turn   | Place    | Note
-------+----------+-------------------------------------------
     0 | D:1      | avis the Vine Stalker Transmuter began the quest for the
                  | Orb.
     0 | D:1      | Reached XP level 1. HP: 9/9 MP: 4/4
   107 | D:1      | Reached skill level 1 in Fighting
   405 | D:1      | Reached XP level 2. HP: 14/14 MP: 4/6
   748 | D:1      | Reached skill level 1 in Stealth
   974 | D:1      | Reached XP level 3. HP: 18/18 MP: 5/7
   993 | D:1      | Learned a level 3 spell: Spider Form
  1030 | D:1      | Reached skill level 4 in Unarmed Combat
  1844 | D:2      | Reached skill level 1 in Poison Magic
  1844 | D:2      | Gained mutation: Your natural rate of healing is unusually
                  | fast. [Vine Stalker growth]
  1844 | D:2      | Reached XP level 4. HP: 18/22 MP: 5/8
  2144 | D:2      | Found a faded altar of an unknown god.
  2640 | D:3      | Found Uluymuydgh's Assorted Antiques.
  3267 | D:3      | Reached skill level 5 in Unarmed Combat
  3385 | D:4      | Noticed a black bear
  3501 | D:4      | Noticed an ogre
  3563 | D:4      | Killed an ogre
  3564 | D:4      | Reached XP level 5. HP: 25/25 MP: 5/9
  3666 | D:4      | Killed a black bear
  3667 | D:4      | Reached skill level 6 in Unarmed Combat
  3667 | D:4      | Reached XP level 6. HP: 30/30 MP: 7/10
  3763 | D:4      | Noticed a necrophage
  3774 | D:4      | Killed a necrophage
  3775 | D:4      | Reached XP level 7. HP: 35/35 MP: 1/11
  3775 | D:4      | Found a shimmering altar of Xom.
  3908 | D:4      | Reached skill level 7 in Unarmed Combat
  4287 | D:5      | Entered Level 5 of the Dungeon
  4327 | D:5      | Noticed Menkaure
  4485 | D:4      | Killed Menkaure
  4486 | D:4      | Gained mutation: You have razor-sharp teeth. [Vine Stalker
                  | growth]
  4486 | D:4      | Reached XP level 8. HP: 40/40 MP: 9/13
  4563 | D:4      | Reached skill level 8 in Unarmed Combat
  4780 | D:4      | Learned a level 4 spell: Ice Form
  4783 | D:4      | Learned a level 2 spell: Passwall
  5058 | D:5      | Noticed Grinder
  5064 | D:5      | Paralysed by Grinder for 3 turns
  5086 | D:5      | Paralysed by Grinder for 6 turns
  5092 | D:5      | Killed Grinder
  5138 | D:5      | Found a staircase to the Ecumenical Temple.
  5170 | D:5      | Noticed Ijyb
  5182 | D:5      | Killed Ijyb
  5194 | D:5      | Noticed Edmund
  5203 | D:5      | Killed Edmund
  5338 | D:5      | Upgraded the game from 0.28-a0-984-g3775c662fe to
                  | 0.28-a0-998-gb9e9c7b67e
  5372 | Temple   | Entered the Ecumenical Temple
  5491 | Temple   | Became a worshipper of Vehumet
  5544 | D:6      | Noticed Pikel
  5544 | D:6      | Noticed Maggie
  5714 | D:6      | Reached skill level 9 in Unarmed Combat
  5734 | D:6      | Reached XP level 9. HP: 45/45 MP: 13/16
  5774 | D:6      | Killed Maggie
  5969 | D:6      | Killed Pikel
  5970 | D:6      | Reached skill level 10 in Unarmed Combat
  6273 | D:6      | Reached * piety under Vehumet
  6273 | D:6      | Offered knowledge of Foxfire by Vehumet.
  6407 | D:6      | Noticed a deep elf pyromancer
  6419 | D:6      | Killed a deep elf pyromancer
  6420 | D:6      | Reached skill level 5 in Fighting
  6639 | D:7      | Reached skill level 11 in Unarmed Combat
  6663 | D:7      | Reached XP level 10. HP: 12/51 MP: 1/17
  6923 | D:7      | Reached skill level 5 in Spellcasting
  7341 | D:8      | Noticed Maurice
  7350 | D:8      | Killed Maurice
  7474 | D:8      | Reached skill level 5 in Transmutations
  7477 | D:8      | Reached ** piety under Vehumet
  7477 | D:8      | Offered knowledge of Searing Ray by Vehumet.
  7578 | D:8      | Reached skill level 12 in Unarmed Combat
  7888 | D:8      | Noticed Prince Ribbit
  7900 | D:8      | Killed Prince Ribbit
  8030 | D:9      | Found a staircase to the Orcish Mines.
  8086 | D:9      | Noticed Psyche
  8096 | D:9      | Killed Psyche
  8403 | D:9      | Reached skill level 5 in Stealth
  8490 | D:9      | Reached skill level 13 in Unarmed Combat
  8495 | D:9      | Offered knowledge of Inner Flame by Vehumet.
  8496 | D:9      | Reached XP level 11. HP: 34/55 MP: 10/19
  8549 | D:9      | Found a staircase to the Lair.
  9083 | Lair:1   | Entered Level 1 of the Lair of Beasts
  9407 | Lair:1   | Reached *** piety under Vehumet
  9473 | Lair:1   | Reached skill level 5 in Dodging
  9523 | Lair:1   | Noticed a five-headed hydra
  9543 | Lair:1   | Killed a five-headed hydra
  9645 | Lair:1   | Offered knowledge of Sticky Flame by Vehumet.
  9699 | Lair:1   | Reached skill level 14 in Unarmed Combat
  9903 | Lair:1   | You fall into a shaft and drop 1 floor!
 10482 | Lair:2   | Noticed a lindwurm
 10557 | Lair:1   | Killed a lindwurm
 10767 | Lair:2   | Reached XP level 12. HP: 60/60 MP: 18/20
 11490 | Lair:3   | Noticed a four-headed hydra
 11496 | Lair:3   | Killed a four-headed hydra
 11556 | Lair:3   | Noticed Fannar
 11569 | Lair:3   | Killed Fannar
 11637 | Lair:3   | Learned a level 5 spell: Manifold Assault
 11860 | Lair:3   | Reached skill level 15 in Unarmed Combat
 11872 | Lair:3   | Reached **** piety under Vehumet
 12286 | Lair:3   | Offered knowledge of Iskenderun's Mystic Blast by Vehumet.
 12406 | Lair:3   | Learned a level 7 spell: Storm Form
 12730 | Lair:4   | Found a burning altar of Makhleb.
 12889 | Lair:4   | Reached skill level 1 in Ice Magic
 13032 | Lair:4   | Found a staircase to the Swamp.
 13255 | Lair:4   | Found a staircase to the Snake Pit.
 13268 | Lair:4   | Identified the +1 mace of Zomyllui {protect, Dex+2}
 14001 | Lair:5   | HP: 1/72 [cane toad (5)]
 14002 | Lair:5   | Succumbed to a cane toad's poison

Illustrated notes

Levels and vault maps discovered:
D:1:      dpeg_arrival_circle_labyrinth_a, layout_basic,
          roderic_cross_of_infinity, minmay_misc_feat_x
D:2:      kennysheep_big_flooded_room, layout_rooms,
          hellmonk_ecumenical_altar_dog_temple
D:3:      layout_loops_corners, serial_shops, nicolae_shop_overgrown_old_shop
D:4:      layout_cave_pools, xom_butterflies, kennysheep_potato
D:5:      layout_rooms, minmay_temple_entry_glass, uniq_menkaure, uniq_edmund,
          uniq_ijyb, uniq_grinder
D:6:      layout_loops_cross, guppyfry_early_elven_hall, uniq_pikel, uniq_maggie
D:7:      layout_rooms, minmay_diced_spiral
D:8:      layout_basic, uniq_maurice, uniq_prince_ribbit1
D:9:      layout_roguey [special_room_bee], lair_entry_dummy, orc_0_dummy,
          serial_bayou_ford_a, nicolae_water_bricks, lemuel_flamethrower_1,
          uniq_psyche
Temple:   kilobyte_greek_temple
Lair:1:   layout_regular_city, st_stairs_3, grunt_megastairs_3
Lair:2:   layout_loops_ring
Lair:3:   layout_loops_ring, cheibrodos_lair_lostbears, uniq_fannar
Lair:4:   layout_loops_ring, minmay_swamp_entry_worms, dummy_snake_entry,
          minivault_23, chequers_serial_rivers_marsh, lemuel_centaur_altar
Lair:5:   layout_gridlike, slime_altar_1, infiniplex_staircase_pool,
          grunt_megastairs_1, uniq_urug

Skill      XL: |  1  2  3  4  5  6  7  8  9 10 11 12 |
---------------+-------------------------------------+-----
Fighting       | 1 2 3 4 5 |  5.0
Stealth        | 1 2 5 |  5.0
Unarmed Combat | 4 5 6 7 9 11 13 14 15 | 15.4
Poison Magic   | 1 2 |  2.0
Transmutations | 3 4 5 7 9 |  9.0
Spellcasting   | 3 4 5 7 |  7.2
Dodging        | 2 3 5 |  5.0
Ice Magic      | 2 |  2.1

Action                   |  1- 3 |  4- 6 |  7- 9 | 10-12 || total
-------------------------+-------+-------+-------+-------++-------
Melee: Unarmed           |    51 |    13 |   244 |   545 ||   853
       Kick              |    17 |    24 |    33 |    83 ||   157
       Bite              |    12 |    21 |    26 |    66 ||   125
       Headbutt          |    10 |    10 |    14 |    49 ||    83
       Punch             |     3 |       |     3 |    12 ||    18
       Short sword       |    18 |    90 |       |       ||   108
       Staff             |       |       |       |     2 ||     2
 Cast: Beastly Appendage |    34 |    28 |    21 |    36 ||   119
       Spider Form       |       |     3 |    26 |    10 ||    39
       Ice Form          |       |       |       |    27 ||    27
Evoke: Wand              |       |       |     1 |     1 ||     2
  Use: Scroll            |       |       |     4 |    12 ||    16
       Potion            |       |       |       |     2 ||     2
 Stab: Sleeping          |     7 |     4 |     3 |    13 ||    27
       Distracted        |       |       |       |     1 ||     1
Armor: Robe              |     6 |    12 |    18 |       ||    36
       Skin              |       |     4 |    15 |    76 ||    95
       Swamp dragon scal |       |       |    16 |       ||    16
       Leather armour    |       |       |       |    63 ||    63
Dodge: Dodged            |    22 |    62 |   149 |   317 ||   550
       Repelled          |       |       |       |     1 ||     1

Table legend: (Time is in decaauts)
 A = Elapsed time spent in this place.
 B = Non-inter-level travel time spent in this place.
 C = Inter-level travel time spent in this place.
 D = Time resting spent in this place.
 E = Time spent auto-exploring this place.
 F = Levels seen in this place.
 G = Mean time per level.
                   A        B        C        D        E       F      G
               +--------+--------+--------+--------+--------+-----+--------+
         Total |  13869 |  12036 |   1833 |   2106 |   6073 |  15 |  924.6 |
       Dungeon |   9047 |   7898 |   1149 |   1424 |   3846 |   9 | 1005.2 |
        Temple |    178 |    145 |     33 |      0 |     99 |   1 |  178.0 |
          Lair |   4643 |   3992 |    651 |    682 |   2128 |   5 |  928.6 |
               +--------+--------+--------+--------+--------+-----+--------+

Top non-repeatable levels by time:
     D:1: 1629 daAuts
  Lair:1: 1445 daAuts
  Lair:4: 1156 daAuts
  Lair:3: 1151 daAuts
     D:4: 1135 daAuts
     D:3: 1081 daAuts
     D:6: 1079 daAuts
     D:9: 967 daAuts
     D:5: 889 daAuts
  Lair:2: 878 daAuts
     D:8: 840 daAuts
     D:2: 815 daAuts
     D:7: 608 daAuts
  Temple: 178 daAuts
  Lair:5: 12 daAuts
